 Dungeon Crawl Stone Soup version 0.21-a0-531-gacddea6 (webtiles) character file.

11363 Amnesiac the Archer (level 11, 0/66 HPs)
             Began as a Deep Elf Gladiator on Dec 13, 2017.
             Was a High Priest of Okawaru.
             Slain by a two-headed ogre
             ... wielding a +0 giant club
              (23 damage)
             ... on level 1 of the Orcish Mines.
             The game lasted 00:35:20 (13038 turns).

Amnesiac the Archer (Deep Elf Gladiator)           Turns: 13038, Time: 00:35:20

Health: 0/66       AC: 19    Str: 17    XL:     11   Next: 48%
Magic:  19/19      EV: 18    Int: 17    God:    Okawaru [*****.]
Gold:   694        SH:  0    Dex: 16    Spells: 9/10 levels left

rFire    . . .     SeeInvis .   b - +2 whip (elec)
rCold    . . .     Gourm    .   (no shield)
rNeg     . . .     Faith    .   T - +2 leather armour "Siawnour" {Int+3}
rPois    .         Spirit   .   c - +0 helmet
rElec    .         Reflect  .   (no cloak)
rCorr    .         Harm     .   Z - +2 pair of gloves {Str+3}
MR       +....                  (no boots)
Stlth    +.........             G - amulet of regeneration
HPRegen  0.61/turn              E - +4 ring of protection
MPRegen  0.16/turn              D - +5 ring of protection

@: no status effects
A: no striking features
a: Heroism, Finesse, Renounce Religion


You were on level 1 of the Orcish Mines.
You worshipped Okawaru.
Okawaru was extremely pleased with you.
You were hungry.

You visited 3 branches of the dungeon, and saw 12 of its levels.
You also visited: Ossuary.

You collected 1251 gold pieces.
You spent 557 gold pieces at shops.

Inventory:

Hand Weapons
 a - a +0 shortbow
 b - a +2 whip of electrocution (weapon)
 N - a +0 quarterstaff
Missiles
 e - 28 poisoned needles
 q - 199 arrows
 t - 8 curare-tipped needles
 W - a throwing net (quivered)
Armour
 c - a +0 helmet (worn)
 T - the +2 leather armour "Siawnour" (worn) {Int+3}
   (You found it on level 5 of the Dungeon)

   It affects your intelligence (+3).
 Z - a +2 pair of gloves of strength (worn)
Jewellery
 l - an uncursed ring of resist corrosion
 D - a +5 ring of protection (right hand)
 E - a +4 ring of protection (left hand)
 G - an amulet of regeneration (around neck)
Wands
 p - a wand of disintegration (32)
Scrolls
 h - 2 scrolls of immolation {!r}
 i - 2 scrolls of blinking {!r}
 j - a scroll of identify {!r}
 k - 3 scrolls of enchant armour {!r}
 o - 3 scrolls of magic mapping {!r}
 r - 6 scrolls of amnesia {!r, unknown}
 s - 3 scrolls of enchant weapon {!r}
 u - 3 scrolls of noise {!r, unknown}
 v - 9 scrolls of remove curse {!r}
 y - 5 scrolls of teleportation {!r}
Potions
 m - a potion of cancellation {!q}
 n - 2 potions of brilliance {!q}
 w - 2 potions of flight {!q}
 x - a potion of curing {!q}
 z - a potion of haste {!q}
 A - 2 potions of might {!q}
 H - 3 potions of mutation {!q}
 O - a potion of resistance {!q}
 Q - 2 potions of heal wounds {!q}
 R - a potion of invisibility {!q}
 V - 2 potions of lignification {!q}
 X - a potion of experience {!q}
 Y - 2 potions of agility {!q}
Books
 C - Kikubaaqudgha's Guide on Evil
   (You found it on level 2 of the Dungeon)

   Spells                             Type                      Level
   a - Animate Skeleton               Necromancy                   1
Comestibles
 d - 3 meat rations
 f - 9 bread rations
 g - 4 chunks of flesh
 K - 6 fruits
 L - 2 royal jellies


   Skills:
 + Level 6.6 Fighting
   Level 4.0 Short Blades
 - Level 4.0 Staves
 * Level 9.2 Bows
 - Level 2.0 Throwing
 + Level 6.6 Armour
 - Level 9.0 Dodging
 - Level 8.3 Invocations
 - Level 4.1 Evocations


You had 9 spell levels left.
You knew the following spells:

 Your Spells              Type           Power        Failure   Level  Hunger
a - Animate Skeleton      Necr           N/A          28%         1    ##.....


Dungeon Overview and Level Annotations

Branches:
Dungeon (9/15)             Temple (1/1) D:5             Orc (2/2) D:9
    Elf (0/3) Orc:2
   Lair: D:8-11

Altars:
Ashenzari
Cheibriados
Dithmenos
Elyvilon
Fedhas
Gozag
Hepliaklqana
Kikubaaqudgha
Makhleb
Nemelex Xobeh
Okawaru
Qazlal
Ru
Sif Muna
Trog
Uskayaw
Vehumet
Wu Jian
Xom
Yredelemnul
Zin
The Shining One

Shops:
D:8 *=?


Message History

Okay, then.
The orc warrior throws a tomahawk.
The tomahawk misses you.
You gain the combat prowess of a mighty hero.
The orc warrior throws a tomahawk.
The tomahawk barely misses you. The orc warrior completely misses you.
Some of the chunks of flesh in your inventory have rotted away.
The two-headed ogre hits you with a giant club!
* * * LOW HITPOINT WARNING * * *
The two-headed ogre misses you. The orc warrior barely misses you.
The orc warrior completely misses you. The orc warrior completely misses you.
Things that are here:
a giant spiked club x2
Items here: ( )) [[ รท
There is a stone staircase leading up, spattered with blood here.
The two-headed ogre completely misses you.
The two-headed ogre hits you with a giant club!!
* * * LOW HITPOINT WARNING * * *
You climb upwards.
There is a stone staircase leading down, spattered with blood here.
Things that are here:
a leather armour; a flail; an orc skeleton You feel like a meek peon again.
You see here a bolt.
You see here a bolt.
You see here a bolt.
You see here a bolt.
You see here a bolt.
You hit the two-headed ogre but do no damage.
Lightning courses through the two-headed ogre!
The two-headed ogre is lightly wounded.
The two-headed ogre barely misses you. The two-headed ogre misses you.
You hit the two-headed ogre but do no damage.
The two-headed ogre is lightly wounded.
The two-headed ogre misses you. x2
You hit the two-headed ogre.
Lightning courses through the two-headed ogre!
The two-headed ogre is moderately wounded.
The two-headed ogre closely misses you.
The two-headed ogre completely misses you.
You whack the two-headed ogre!
The two-headed ogre is heavily wounded.
You hit the two-headed ogre but do no damage.
Lightning courses through the two-headed ogre!
The two-headed ogre is severely wounded.
The two-headed ogre barely misses you.
The two-headed ogre hits you with a giant club!!
You hit the two-headed ogre but do no damage.
The two-headed ogre is severely wounded.
The two-headed ogre hits you but does no damage.
The two-headed ogre hits you with a giant club!
* * * LOW HITPOINT WARNING * * *
You hit the two-headed ogre.
The two-headed ogre is almost dead.
The two-headed ogre barely misses you. The two-headed ogre misses you.
You are feeling hungry.
You completely miss the two-headed ogre.
The two-headed ogre is almost dead.
You hit the two-headed ogre.
The two-headed ogre is almost dead.
The two-headed ogre hits you with a giant club.
* * * LOW HITPOINT WARNING * * *
The two-headed ogre hits you with a giant club!!
You die...

###..##...... ###.....##.....
##....#..#.#....
#.....##....#...
###.....#.#....#.#
##......####....##. #####
##.#.#....##....#### ##...##
#...##....#....##
#.....####..@##....#...##
###....###....O###.....###
#...............#........#
##............#.......#...####
#...###......##......####..#.##
#...####.....####....###......##
##..#.##.....####.....#....#.#.#
#......).....(........#...######
####.....###......##.[[...##....


You could see a two-headed ogre.

Vanquished Creatures
  A two-headed ogre (Orc:2)
  Pikel (D:3)
  2 orc knights
  2 orc sorcerers (Orc:1)
  A hornet (D:7)
  A troll (D:9)
  Grinder (D:5)
  A hippogriff (D:7)
  The ghost of Amnesiac the Twirler, an amateur DEGl (D:4)
  Menkaure (D:4)
  2 wargs (Orc:1)
  2 ice beasts (D:5)
  3 slaves
  13 ogres
  18 orc warriors
  4 centaurs
  2 big kobolds
  3 bullfrogs
  3 scorpions
  A water moccasin skeleton (D:8)
  11 killer bees (D:8)
  A troll zombie (Ossuary)
  5 wights (D:8)
  4 crimson imps
  2 centaur zombies (Ossuary)
  2 bullfrog zombies
  4 hounds
  26 orc priests
  A centaur skeleton (D:6)
  28 orc wizards
  Jessica (D:2)
  6 worker ants
  5 iguanas
  2 ogre zombies (Ossuary)
  A hound zombie (D:8)
  2 hound skeletons (D:4)
  7 mummies (Ossuary)
  17 adders
  A shadow imp (D:7)
  3 oozes
  2 adder skeletons
  2 adder zombies (Ossuary)
  4 worms
  6 dart slugs
  3 leopard geckos
  76 orcs
  6 bats
  3 giant cockroaches
  7 goblins
  6 hobgoblins
  15 jackals
  19 kobolds
  8 quokkas
  4 frilled lizards
  4 goblin zombies (Ossuary)
  4 hobgoblin zombies (Ossuary)
  4 kobold zombies (Ossuary)
  A leopard gecko zombie (D:6)
  An orc zombie (Ossuary)
  5 quokka zombies (Ossuary)
  5 rats
  5 rat zombies (Ossuary)
382 creatures vanquished.

Vanquished Creatures (others)
  A slave (D:4)
1 creature vanquished.

Grand Total: 383 creatures vanquished

Notes
Turn   | Place    | Note
-------+----------+-------------------------------------------
     0 | D:1      | Amnesiac the Deep Elf Gladiator began the quest for the Orb.
     0 | D:1      | Reached XP level 1. HP: 12/12 MP: 3/3
   340 | D:1      | Reached XP level 2. HP: 11/16 MP: 4/4
   710 | D:1      | Reached skill level 1 in Armour
   756 | D:1      | Reached XP level 3. HP: 18/20 MP: 5/5
  1487 | D:2      | Reached XP level 4. HP: 24/25 MP: 6/6
  1493 | D:2      | Found a shadowy altar of Dithmenos.
  1943 | D:2      | Noticed Jessica
  1963 | D:2      | Killed Jessica
  1997 | D:2      | Found an ancient bone altar of Kikubaaqudgha.
  1998 | D:2      | Found a deep blue altar of Sif Muna.
  1999 | D:2      | Found a radiant altar of Vehumet.
  2001 | D:2      | Identified Kikubaaqudgha's Guide on Evil
  2045 | D:2      | Found an ornate altar of the Wu Jian Council.
  2046 | D:2      | Found a glowing silver altar of Zin.
  2103 | D:2      | Reached skill level 1 in Short Blades
  2536 | D:2      | Reached XP level 5. HP: 18/30 MP: 7/7
  2777 | D:3      | Found a basalt altar of Yredelemnul.
  3761 | D:4      | Found a bloodstained altar of Trog.
  3804 | D:4      | Noticed Menkaure
  3829 | D:4      | Noticed Amnesiac's ghost (amateur DEGl)
  3875 | D:3      | Reached XP level 6. HP: 22/35 MP: 8/8
  4075 | D:4      | Killed Menkaure
  4137 | D:4      | Noticed a slave
  4137 | D:4      | Noticed a slave
  4140 | D:4      | Noticed Pikel
  4141 | D:4      | Noticed a slave
  4148 | D:4      | Killed a slave
  4150 | D:4      | Noticed a slave
  4172 | D:3      | Killed a slave
  4183 | D:3      | Killed a slave
  4272 | D:3      | Killed Pikel
  4272 | D:3      | Reached skill level 5 in Armour
  4272 | D:3      | Reached XP level 7. HP: 32/42 MP: 9/9
  4400 | D:4      | Killed Amnesiac's ghost
  4400 | D:4      | Reached XP level 8. HP: 23/48 MP: 10/10
  5111 | D:5      | Entered Level 5 of the Dungeon
  5142 | D:5      | Noticed Grinder
  5195 | D:5      | Paralysed by Grinder for 4 turns
  5211 | D:5      | Paralysed by Grinder for 3 turns
  5228 | D:5      | Killed Grinder
  5228 | D:5      | Reached skill level 5 in Bows
  5228 | D:5      | Reached XP level 9. HP: 34/52 MP: 11/11
  5566 | D:5      | Found a sand-covered staircase.
  5571 | Ossuary  | Entered an ossuary
  6041 | D:5      | Found a staircase to the Ecumenical Temple.
  6090 | Temple   | Entered the Ecumenical Temple
  6140 | Temple   | Became a worshipper of Warmaster Okawaru
  6353 | D:5      | Reached skill level 5 in Dodging
  6430 | D:5      | Got a brightly glowing leather armour
  6970 | D:5      | Reached * piety under Okawaru
  7126 | D:6      | Found a shattered altar of Ashenzari.
  7351 | D:6      | Found a snail-covered altar of Cheibriados.
  7919 | D:7      | Reached XP level 10. HP: 54/58 MP: 12/12
  7935 | D:7      | Reached ** piety under Okawaru
  8089 | D:7      | Found a white marble altar of Elyvilon.
  8089 | D:7      | Found a hazy altar of Hepliaklqana.
  8096 | D:7      | Found a shimmering altar of Xom.
  8738 | D:8      | Found Unneyps's General Store.
  8750 | D:8      | Bought a +2 pair of gloves of strength for 236 gold pieces
  8765 | D:8      | Identified the +2 leather armour "Siawnour" {Int+3} (You found it on level 5 of the Dungeon)
  8798 | D:8      | Found Etuakam's Jewellery Shoppe.
  8895 | D:8      | Found Pashaal's Magic Scroll Emporium.
  8899 | D:8      | Bought a scroll of enchant weapon for 97 gold pieces
  8899 | D:8      | Bought a scroll of remove curse for 39 gold pieces
  8916 | D:8      | Reached skill level 5 in Fighting
  9204 | D:8      | Reached *** piety under Okawaru
 10217 | D:9      | Learned a level 1 spell: Animate Skeleton
 10235 | D:9      | Found a staircase to the Orcish Mines.
 10264 | Orc:1    | Entered Level 1 of the Orcish Mines
 10271 | Orc:1    | Noticed an orc sorcerer
 10292 | Orc:1    | Killed an orc sorcerer
 10292 | Orc:1    | Reached skill level 1 in Evocations
 10627 | Orc:1    | Noticed an orc knight
 11121 | D:9      | Killed an orc knight
 11269 | Orc:1    | Reached XP level 11. HP: 48/66 MP: 16/16
 11328 | Orc:1    | Reached **** piety under Okawaru
 11670 | Orc:2    | Entered Level 2 of the Orcish Mines
 11796 | Orc:1    | Reached skill level 5 in Invocations
 11854 | Orc:2    | Noticed an orc knight
 11997 | D:8      | Bought a scroll of enchant armour for 97 gold pieces
 12028 | D:8      | Bought a potion of cancellation for 88 gold pieces
 12148 | Orc:2    | Noticed an orc knight
 12251 | Orc:2    | Noticed an orc sorcerer
 12360 | Orc:1    | Killed an orc knight
 12481 | Orc:2    | Noticed a sixfirhy
 12623 | Orc:1    | Killed an orc sorcerer
 12671 | Orc:2    | Found a staircase to the Elven Halls.
 12736 | Orc:2    | Noticed a two-headed ogre
 12804 | Orc:2    | Killed a two-headed ogre
 12849 | Orc:2    | Reached ***** piety under Okawaru
 12849 | Orc:2    | Received a gift from Okawaru
 12869 | Orc:2    | Noticed a two-headed ogre
 12923 | Orc:2    | HP: 1/66 [two-headed ogre/giant club (22)]
 13038 | Orc:1    | Slain by a two-headed ogre

Vault maps used:
D:1:      saegor_arrival_simple_d, kennysheep_another_room, serial_bayou_pond_b,
          minmay_small_reverse_x
D:2:      grunt_temple_overflow_magic_moments, gammafunk_temple_overflow_pools,
          overflow_temple_1_default, minmay_heptomino_o4, uniq_jessica
D:3:      nicolae_overflow_crystal_walls
D:4:      cheibrodos_barr_body, old_standard_altar, first_bread,
          minmay_misc_feat_square, uniq_menkaure, uniq_pikel
D:5:      minmay_temple_entry_enclosed_plants,
          lightli_ossuary_entry_decrepit_ruins, hangedman_decor_peaks_small,
          uniq_grinder
D:6:      old_standard_altar, cheibrodos_worm_habitat, st_stairs_5, minivault_4,
          minmay_stone_trees_small
D:7:      grunt_temple_overflow_open
D:8:      serial_shops, nicolae_shop_temple_entry_statues_fountains,
          nicolae_shop_trees, shop
D:9:      erik_lair_dragon, hiddenorc2_lemuel
Temple:   compressed_dpeg_triangle_lava_temple
Orc:2:    st_orc_ogre_mass
Ossuary:  ossuary_boxes_badplayer

Skill      XL: |  1  2  3  4  5  6  7  8  9 10 11 |
---------------+----------------------------------+-----
Armour         | 1 2 5 6 |  6.6
Staves         | 4 |  4.0
Short Blades   | 1 3 4 |  4.0
Fighting       | 3 4 6 |  6.6
Bows           | 5 8 9 |  9.2
Dodging        | 8 9 |  9.0
Invocations    | 4 8 |  8.3
Evocations     | 3 4 |  4.1
Throwing       | |  2.0

Action                   |  1- 3 |  4- 6 |  7- 9 | 10-12 || total
-------------------------+-------+-------+-------+-------++-------
Melee: Quarterstaff      |   102 |       |       |       ||   102
       Dagger            |    21 |   248 |   648 |   721 ||  1638
       Whip              |       |       |       |   286 ||   286
       Punch             |       |       |       |     1 ||     1
 Fire: Shortbow          |       |       |     3 |       ||     3
Throw: Throwing net      |     2 |     2 |       |     4 ||     8
Invok: Heroism           |       |       |       |     4 ||     4
Evoke: Wand              |       |       |     2 |     1 ||     3
  Use: Scroll            |       |     4 |       |    14 ||    18
       Potion            |       |     4 |       |     1 ||     5
 Stab: Sleeping          |     1 |       |       |     1 ||     2
       Distracted        |       |     1 |     1 |       ||     2
       Invisible         |       |       |       |     1 ||     1
  Eat: Chunk             |     2 |     7 |    12 |    18 ||    39
       Royal jelly       |       |     1 |       |       ||     1
Armor: Leather armour    |    39 |     3 |       |   209 ||   251
       Robe              |       |    49 |    31 |       ||    80
       Scale mail        |       |       |   198 |    37 ||   235
       Skin              |       |       |       |     1 ||     1
Dodge: Dodged            |    72 |   133 |   282 |   883 ||  1370

Table legend:
 A = Spawn XP
 B = Non-spawn XP
 C = Spawn XP percentage of total XP
 D = Spawn monster count
 E = Non-spawn monster count
 F = Spawn count percentage of total count
 G = Total turns spent on level
                    A         B        C        D         E        F      G
               +---------+---------+-------+---------+---------+-------+---------
         Total |       0 |   16234 |   0.0 |       0 |     379 |   0.0 | 13038
               +---------+---------+-------+---------+---------+-------+---------
           D:1 |       0 |      56 |   0.0 |       0 |      28 |   0.0 |  1153
           D:2 |       0 |     173 |   0.0 |       0 |      22 |   0.0 |  1495
           D:3 |       0 |     814 |   0.0 |       0 |      16 |   0.0 |  1310
           D:4 |       0 |    1438 |   0.0 |       0 |      41 |   0.0 |  1195
           D:5 |       0 |    1601 |   0.0 |       0 |      32 |   0.0 |  1204
           D:6 |       0 |     654 |   0.0 |       0 |      30 |   0.0 |   927
           D:7 |       0 |    1265 |   0.0 |       0 |      27 |   0.0 |   932
           D:8 |       0 |    1702 |   0.0 |       0 |      37 |   0.0 |  1156
           D:9 |       0 |    1679 |   0.0 |       0 |      38 |   0.0 |  1080
         Orc:1 |       0 |    4496 |   0.0 |       0 |      54 |   0.0 |  1773
         Orc:2 |       0 |    1983 |   0.0 |       0 |      17 |   0.0 |   291
       Ossuary |       0 |     373 |   0.0 |       0 |      37 |   0.0 |   454
               +---------+---------+-------+---------+---------+-------+---------
